 Dungeon Crawl Stone Soup version 0.23-a0-484-g29ba69c (webtiles) character file.

114 MisterFreud the Firebug (level 4, -2/36 HPs)
             Began as a Naga Fire Elementalist on Nov 30, 2018.
             Slain by a hound (4 damage)
             ... on level 3 of the Dungeon.
             The game lasted 00:06:16 (1861 turns).

MisterFreud the Firebug (Naga Fire Elementalist)    Turns: 1861, Time: 00:06:17

Health: -2/36      AC:  2    Str: 11    XL:     4   Next: 98%
Magic:  4/8        EV: 10    Int: 16    God:
Gold:   155        SH:  0    Dex: 11    Spells: 4/8 levels left

rFire    . . .     SeeInvis +   m - +0 club
rCold    . . .     Gourm    .   (no shield)
rNeg     . . .     Faith    .   a - +0 robe
rPois    +         Spirit   .   (no helmet)
rElec    .         Reflect  .   (no cloak)
rCorr    .         Harm     .   (no gloves)
MR       .....                  (no barding)
Stlth    ++........             (no amulet)
HPRegen  0.12/turn              (no ring)
MPRegen  0.11/turn              (no ring)

@: short of breath, very slow
A: large, see invisible, deformed body, poison resistance, slowness 2, slow
metabolism 1, spit poison 1, AC +1
a: Spit Poison


You were on level 3 of the Dungeon.
You were not hungry.

You visited 1 branch of the dungeon, and saw 4 of its levels.

You collected 155 gold pieces.

Inventory:

Hand Weapons
 m - a +0 club (weapon)
 t - a +0 war axe
Missiles
 n - 10 bolts
 o - 80 stones (quivered)
 p - 47 arrows
 x - 16 poisoned needles
Armour
 a - a +0 robe (worn)
 d - a +0 buckler
Scrolls
 b - 6 scrolls of remove curse {unknown}
 e - a scroll of enchant armour {unknown}
 h - 2 scrolls of magic mapping {unknown}
 j - 4 scrolls of identify {unknown}
 q - a scroll of noise {unknown}
 r - a scroll of teleportation {unknown}
 s - a scroll of amnesia {unknown}
 y - a scroll of immolation {unknown}
Potions
 f - a potion of curing
 g - 2 potions of cancellation {unknown}
 k - a potion of agility {unknown}
 l - 2 potions of berserk rage {unknown}
 u - 2 potions of flight {unknown}
 v - 2 potions of lignification {unknown}
 w - a potion of might {unknown}
 z - a potion of resistance {unknown}
Comestibles
 c - 6 rations
 i - 3 chunks of flesh


   Skills:
 - Level 1.5 Dodging
 - Level 3.0 Stealth
 + Level 2.6 Spellcasting
 + Level 3.5 Conjurations
 + Level 3.6 Fire Magic


You had 4 spell levels left.
You knew the following spells:

 Your Spells              Type           Power        Failure   Level  Hunger
a - Flame Tongue          Conj/Fire      ##...        4%          1    #......
b - Conjure Flame         Conj/Fire      ##......     13%         3    ###....

Your spell library contained the following spells:

 Spells                   Type           Power        Failure   Level  Hunger
 Throw Flame              Conj/Fire      ##....       7%          2    ##.....
 Inner Flame              Hex/Fire       #.......     28%         3    ###....
 Sticky Flame             Conj/Fire      ##......     41%         4    #####..
 Fireball                 Conj/Fire      ##........   77%         5    ######.


Dungeon Overview and Level Annotations

Branches:
Dungeon (4/15)
 Temple: D:4-7

Altars:
Qazlal

Annotations:
D:3 Sigmund


Innate Abilities, Weirdness & Mutations

You cannot wear boots.
Your serpentine skin is tough. (AC +1)
You have supernaturally acute eyesight. (SInv)
Armour fits poorly on your strangely shaped body.
Your system is resistant to poisons. (rPois)
You cover ground very slowly.
You have a slow metabolism.
You can spit poison.


Message History

Confirm with . or Enter, or press ? or * to list all spells.
Aiming: Flame Tongue (safe; 4% risk of failure)
Press: ? - help, Shift-Dir - straight line, f/p - phantom
Aim: a phantom (lightly damaged)
The flame tongue hits the phantom.
The phantom appears unharmed.
The phantom is lightly damaged.
The phantom closely misses you. The hound bites you.
* * * LOW HITPOINT WARNING * * *
Casting: Flame Tongue (safe; 4% risk of failure)
Confirm with . or Enter, or press ? or * to list all spells.
Aiming: Flame Tongue (safe; 4% risk of failure)
Press: ? - help, Shift-Dir - straight line, f/p - phantom
Aim: a phantom (lightly damaged)
Okay, then.
Unknown command.
It was a potion of curing.
You feel better. The hound barely misses you. The phantom hits you.
* * * LOW HITPOINT WARNING * * *
The hound bites you.
You die...

.............#.#
.#.######......# .#.#
####...#### .#.#
#.......# .#.# #.##.##.#
#### .#.# #.##.##.## #..
...# #.##.....# #.# ..#
#.#####..######.#####.##
....
#.#####...W@h.ยง@........
.#.#
#.......#######.#####.##
...# ######### #...
#..... #######


You could see a phantom, Sigmund and a hound.

Vanquished Creatures
  4 adders (D:2)
  An ooze (D:1)
  2 worms (D:2)
  3 leopard geckos
  An orc (D:3)
  2 ball pythons
  7 bats
  5 giant cockroaches
  3 goblins
  9 hobgoblins
  8 jackals
  7 kobolds
  A quokka (D:3)
  2 frilled lizards (D:1)
  6 rats
61 creatures vanquished.

Notes
Turn   | Place    | Note
-------+----------+-------------------------------------------
     0 | D:1      | MisterFreud the Naga Fire Elementalist began the quest for
                  | the Orb.
     0 | D:1      | Reached XP level 1. HP: 15/15 MP: 3/3
   110 | D:1      | Reached XP level 2. HP: 22/22 MP: 3/5
   426 | D:1      | Reached XP level 3. HP: 28/28 MP: 6/6
   959 | D:2      | Learned a level 3 spell: Conjure Flame
  1019 | D:2      | Reached XP level 4. HP: 31/36 MP: 4/7
  1236 | D:2      | Noticed an air elemental
  1238 | D:2      | Found a stormy altar of Qazlal.
  1239 | D:2      | Noticed a fire elemental
  1239 | D:2      | Noticed a water elemental
  1239 | D:2      | Noticed an earth elemental
  1827 | D:3      | Noticed Sigmund
  1843 | D:4      | Noticed a phantom
  1860 | D:3      | HP: 1/36 [hound (5)]
  1861 | D:3      | Slain by a hound

Vault maps used:
D:1:      minmay_arrival_hallway
D:2:      nicolae_qazlal_style_of_elements, first_ration
D:3:      lemuel_coloured_pillars_altar, uniq_jessica, uniq_sigmund
D:4:      grunt_temple_overflow_holy_war, uniq_edmund

Skill      XL: |  1  2  3 |
---------------+----------+-----
Conjurations   | 2 3 |  3.5
Dodging        | |  1.5
Stealth        | |  3.0
Spellcasting   | |  2.6
Fire Magic     | |  3.6

Action                   |  1- 3 |  4- 6 || total
-------------------------+-------+-------++-------
Melee: Unarmed           |     8 |       ||     8
       Club              |     5 |     9 ||    14
Throw: Stone             |       |     2 ||     2
 Cast: Flame Tongue      |    16 |    26 ||    42
       Conjure Flame     |       |     2 ||     2
 Abil: Spit Poison       |    33 |    22 ||    55
  Use: Potion            |       |     1 ||     1
  Eat: Chunk             |     2 |     4 ||     6
Armor: Robe              |     3 |     5 ||     8
Dodge: Dodged            |    15 |    28 ||    43

Table legend:
 A = Non-vault XP
 B = Vault XP
 C = Vault XP percentage of total XP
 D = Non-vault monster count
 E = Vault monster count
 F = Vault count percentage of total count
                 A         B        C        D         E       F
            +---------+---------+-------+---------+---------+-------
      Total |     164 |       0 |   0.0 |      61 |       0 |   0.0
            +---------+---------+-------+---------+---------+-------
        D:1 |      54 |       0 |   0.0 |      26 |       0 |   0.0
        D:2 |      93 |       0 |   0.0 |      24 |       0 |   0.0
        D:3 |      14 |       0 |   0.0 |       9 |       0 |   0.0
        D:4 |       3 |       0 |   0.0 |       2 |       0 |   0.0
            +---------+---------+-------+---------+---------+-------
